 Dungeon Crawl Stone Soup version 0.19.4-8-ga85b6b9 (webtiles) character file.

109 Ponchio the Magician (level 4, -1/24 HPs)
             Began as a Deep Elf Fire Elementalist on Feb 8, 2017.
             Slain by Dickchan's ghost (3 damage)
             ... on level 3 of the Dungeon.
             The game lasted 00:12:20 (1846 turns).

Ponchio the Magician (Deep Elf Fire Elementalist)   Turns: 1846, Time: 00:12:21

Health: -1/24      AC:  3    Str:  5    XL:     4   Next: 59%
Magic:  7/12       EV: 13    Int: 21    God:
Gold:   82         SH:  0    Dex: 15    Spells: 2 memorised, 8 levels left

rFire  . . .     SeeInvis .     e - +0 dagger
rCold  . . .     Gourm    .     a - +0 robe
rNeg   . . .     Faith    .     (no shield)
rPois  .         Spirit   .     h - +0 helmet
rElec  .         Reflect  .     (no cloak)
rCorr  .         Harm     .     (no gloves)
MR     .....                    (no boots)
Stlth  ++........               (no amulet)
                                (no ring)
                                (no ring)

@: no status effects
A: no striking features
a: no special abilities


You were on level 3 of the Dungeon.
You were not hungry.

You visited 1 branch of the dungeon, and saw 5 of its levels.

You collected 82 gold pieces.

Inventory:

Hand Weapons
 e - a +0 dagger (weapon)
Armour
 a - a +0 robe (worn)
 h - a +0 helmet (worn)
Scrolls
 g - a scroll of recharging {unknown}
 i - a scroll of magic mapping {unknown}
 j - a scroll of random uselessness {unknown}
 k - 2 scrolls of identify {unknown}
 l - a scroll of teleportation {unknown}
 q - a scroll of fear {unknown}
Potions
 d - a potion of beneficial mutation {unknown}
 f - 3 potions of curing {unknown}
 m - a potion of mutation {unknown}
 n - a potion of might {unknown}
Books
 b - a book of Flames

   Spells                             Type                      Level
   a - Flame Tongue                   Conjuration/Fire             1
   b - Throw Flame                    Conjuration/Fire             2
   c - Conjure Flame                  Conjuration/Fire             3
   d - Inner Flame                    Hexes/Fire                   3
   e - Sticky Flame                   Conjuration/Fire             4
   f - Fireball                       Conjuration/Fire             5
Comestibles
 c - 3 bread rations
 o - a slice of pizza
 p - a chunk of flesh


   Skills:
 - Level 2.4 Dodging
 - Level 2.4 Stealth
 + Level 4.4 Spellcasting
 + Level 3.1 Conjurations
 + Level 4.1 Fire Magic


You had 8 spell levels left.
You knew the following spells:

 Your Spells              Type           Power        Failure   Level  Hunger
a - Flame Tongue          Conj/Fire      ###..        2%          1    None
b - Throw Flame           Conj/Fire      ###...       4%          2    #......


Dungeon Overview and Level Annotations

Branches:
Dungeon (5/15)
 Temple: D:4-7

Altars:
Cheibriados
Zin

Annotations:
D:3 Dickchan's ghost, weakling HOFi
D:4 Dickchan's ghost, amateur HOFi


Message History

Casting: Flame Tongue
Confirm with . or Enter, or press ? or * to list all spells.
Aiming: Flame Tongue
Press: ? - help, Shift-Dir - straight line, f/p - Dickchan's ghost
Aim: Dickchan's ghost, wielding a weapon of freezing (moderately damaged)
The flame tongue misses Dickchan's ghost.
Dickchan's ghost hits you!
Ouch! That really hurt!
Dickchan's ghost freezes you.
Casting: Flame Tongue
Confirm with . or Enter, or press ? or * to list all spells.
Aiming: Flame Tongue
Press: ? - help, Shift-Dir - straight line, f/p - Dickchan's ghost
Aim: Dickchan's ghost, wielding a weapon of freezing (moderately damaged)
The flame tongue hits Dickchan's ghost.
Dickchan's ghost is heavily damaged.
Dickchan's ghost hits you!
* * * LOW HITPOINT WARNING * * *
Dickchan's ghost freezes you.
You die...

........................
####....###..........#
#....###...#.#.#....
#####..............# #
..............##...#.#
...(...........#...#.###
........................
....)...........W.......
...............#@#......
...........(...#.#....##
...............#........
...............#.##..#.!
.....................#..
........................
........W...............
........................
.......(................


You could see Dickchan's ghost.

Vanquished Creatures
  A howler monkey (D:4)
  A hound zombie (D:5)
  An adder (D:3)
  An ooze (D:3)
  An adder skeleton (D:5)
  A dart slug (D:3)
  A leopard gecko (D:4)
  2 bats
  4 giant cockroaches (D:1)
  4 goblins (D:1)
  3 hobgoblins (D:1)
  4 jackals (D:1)
  A quokka (D:3)
  5 frilled lizards
  3 kobolds
  4 rats (D:1)
37 creatures vanquished.

Notes
Turn   | Place    | Note
-------+----------+-------------------------------------------
     0 | D:1      | Ponchio the Deep Elf Fire Elementalist began the quest for the Orb.
     0 | D:1      | Reached XP level 1. HP: 10/10 MP: 6/6
   124 | D:1      | Reached XP level 2. HP: 2/15 MP: 0/8
  1067 | D:1      | Reached XP level 3. HP: 19/19 MP: 8/10
  1111 | D:2      | You fall through a shaft for 2 floors!
  1273 | D:5      | Entered Level 5 of the Dungeon
  1446 | D:4      | Found a snail-covered altar of Cheibriados.
  1478 | D:4      | Found a glowing silver altar of Zin.
  1530 | D:4      | Reached XP level 4. HP: 24/24 MP: 7/12
  1670 | D:4      | Noticed Dickchan's ghost (amateur HOFi)
  1769 | D:3      | Learned a level 2 spell: Throw Flame
  1784 | D:3      | Noticed Dickchan's ghost (weakling HOFi)
  1846 | D:3      | Slain by Dickchan's ghost

Skill      XL: |  1  2  3  4 |
---------------+-------------+-----
Conjurations   | 2 3 |  3.1
Spellcasting   | 4 |  4.4
Fire Magic     | 4 |  4.1
Dodging        | |  2.4
Stealth        | |  2.4

Action                   |  1- 3 |  4- 6 || total
-------------------------+-------+-------++-------
Melee: Dagger            |    23 |       ||    23
 Cast: Flame Tongue      |    59 |    18 ||    77
       Throw Flame       |       |     3 ||     3
  Eat: Chunk             |     1 |     2 ||     3
Armor: Robe              |     5 |     2 ||     7
Dodge: Dodged            |    40 |    10 ||    50
